 Dungeon Crawl Stone Soup version 0.17.0-24-gcfadda4 (webtiles) character file.

32 MDvedh the Caller (level 3, 0/21 HPs)
             Began as a Gargoyle Summoner on Nov 17, 2015.
             Slain by a hobgoblin
             ... wielding a +0 club
              (2 damage)
             ... on level 2 of the Dungeon.
             The game lasted 00:02:06 (1495 turns).

MDvedh the Caller (Gargoyle Summoner)               Turns: 1495, Time: 00:02:07

Health: 0/21       AC:  5    Str: 12    XL:     3   Next: 27%
Magic:  6/6        EV: 12    Int: 15    God:
Gold:   60         SH:  0    Dex: 10    Spells: 1 memorised, 5 levels left

rFire  . . .     SeeInvis .     f - +0 mace
rCold  . . .     Clarity  .     a - +0 robe
rNeg   + . .     SustAt   .     (no shield)
rPois  ∞         Gourm    .     (no helmet)
rElec  +         Spirit   .     (no cloak)
rCorr  .         Warding  .     (no gloves)
rMut   .         Stasis   .     (no boots)
MR     .....                    (no amulet)
Stlth  ++........               (no ring)
                                (no ring)

@: not resistant to hostile enchantments, unstealthy
A: negative energy resistance 1, electricity resistance, unbreathing,
petrification resistance, rot immunity, AC +3
a: no special abilities


You were on level 2 of the Dungeon.
You were full.

You visited 1 branch of the dungeon, and saw 2 of its levels.

You collected 60 gold pieces.

Inventory:

Hand Weapons
 f - a +0 mace (weapon)
Armour
 a - a +0 robe (worn)
Wands
 m - a wand of slowing (21)
Scrolls
 e - a scroll of noise {unknown}
 h - 2 scrolls of recharging {unknown}
 i - 3 scrolls of identify {unknown}
 n - a scroll of remove curse {unknown}
 o - a scroll of random uselessness {unknown}
 p - a scroll of fog {unknown}
Potions
 d - a potion of haste {unknown}
 j - a potion of lignification {unknown}
 k - 2 potions of might {unknown}
 l - a potion of resistance {unknown}
 q - a potion of heal wounds {unknown}
Books
 b - a book of Callings

   Spells                             Type                      Level
   a - Summon Small Mammal            Summoning                    1
   b - Call Imp                       Summoning                    2
   c - Call Canine Familiar           Summoning                    3
   d - Summon Guardian Golem          Hexes/Summoning              3
   e - Summon Lightning Spire         Summoning/Air                4
   f - Summon Ice Beast               Ice/Summoning                4
Comestibles
 c - 4 bread rations
 g - a beef jerky


   Skills:
 + Level 1.9 Fighting
 * Level 1.4 Maces & Flails
 + Level 1.2 Armour
 - Level 1.5 Dodging
 - Level 2.1 Stealth
 - Level 2.0 Spellcasting
 - Level 3.6 Summonings


You had 5 spell levels left.
You knew the following spells:

 Your Spells              Type           Power        Failure   Level  Hunger
a - Summon Small Mammal   Summ           ##..         6%          1    #......


Dungeon Overview and Level Annotations

Branches:
Dungeon (2/15)

Altars:
Cheibriados


Innate Abilities, Weirdness & Mutations

You are resistant to torment.
Your stone body is resilient (AC +3).
You are immune to poison.
You resist negative energy.
You are resistant to electric shocks.
You can survive without breathing.
You are immune to petrification.
You are immune to rotting.


Message History

The hobgoblin hits you with a club. The worm bites you but does no damage.
The hobgoblin hits you but does no damage.
A worm comes into view.
You barely miss the worm.
The worm is severely wounded.
The worm bites you. The hobgoblin hits you with a club.
You barely miss the worm.
The worm is severely wounded.
The hobgoblin hits you but does no damage.
The worm bites you!
* * * LOW HITPOINT WARNING * * *
You are too injured to fight recklessly!
You are too injured to fight recklessly!
Unknown command.
A quokka comes into view.
There is a stone staircase leading up here.
You hit the hobgoblin.
The hobgoblin is almost dead.
The hobgoblin hits you with a club.
You die...

.#.(...#.........................
.#.....#..............####.......
##.._..###.#..........# #.......
#.....# #.#.#.......## #.......
####### #.#.#...##### #.......
##.....###.#.#.#..# #.......
(...)........#.##.# ########
.#....####.....##g##### ......#
#......@.#...## ###...#
####..##......# ##.## #..
#.......# ### #............#
#...r........# #....r.......#
##.#.........# ####.......##
##.....##


You could see a quokka (wandering) and a hobgoblin.

Vanquished Creatures
  6 bats
  A giant cockroach (D:2)
  5 hobgoblins (D:2)
  A quokka (D:2)
  3 giant newts (D:1)
  3 goblins
  5 kobolds
  5 rats
29 creatures vanquished.

Vanquished Creatures (collateral kills)
  An ooze (D:1)
1 creature vanquished.

Grand Total: 30 creatures vanquished

Notes
Turn   | Place    | Note
--------------------------------------------------------------
     0 | D:1      | MDvedh the Gargoyle Summoner began the quest for the Orb.
     0 | D:1      | Reached XP level 1. HP: 10/10 MP: 3/3
    42 | D:1      | Reached skill level 1 in Fighting
   353 | D:1      | Reached XP level 2. HP: 13/16 MP: 5/5
   814 | D:2      | Found a snail-covered altar of Cheibriados.
   823 | D:2      | Reached skill level 1 in Maces & Flails
  1088 | D:2      | Reached XP level 3. HP: 16/21 MP: 6/6
  1232 | D:2      | Reached skill level 1 in Armour
  1480 | D:2      | HP: 1/21 [worm (7)]
  1495 | D:2      | Slain by a hobgoblin

Action                   || total
-------------------------++-------
Melee: Unarmed           ||    15
       Mace              ||    96
 Cast: Summon Small Mamm ||     2
 Stab: Sleeping          ||     1
  Eat: Chunk             ||     1
       Meat ration       ||     1
